 Dungeon Crawl Stone Soup version 0.28-a0-1435-g82390b3a13 (webtiles) character file.

Game seed: 9796713946740650944

24 funkygono the Skirmisher (level 3, -6/27 (29) HPs)
             Began as a Human Cinder Acolyte on Jan 9, 2022.
             Was an Elder of Ignis.
             Mangled by Crazy Yiuf (7 damage)
             ... on level 2 of the Dungeon.
             The game lasted 00:03:40 (896 turns).

funkygono the Skirmisher (Human Cinder Acolyte)      Turns: 896, Time: 00:03:40

HP:   -6/27 (29)    AC: 15    Str: 16    XL:     3   Next: 15%
MP:   4/4           EV: 14    Int: 14    God:    Ignis [****..]
Gold: 29            SH:  0    Dex:  8    Spells: 2/4 levels left

rFire   + . .      SeeInvis .   f - +10 mace of Lucos {speed, Will++}
rCold   . . .      Faith    .   (no shield)
rNeg    . . .      Spirit   .   e - +2 scale mail
rPois   .          Reflect  .   (no helmet)
rElec   .          Harm     .   (no cloak)
rCorr   .          Rampage  .   (no gloves)
Will    ++...                   (no boots)
Stlth   ..........              (no amulet)
HPRegen 0.09/turn               (no ring)
MPRegen 0.09/turn               (no ring)

@: agile, fiery-armoured, drained
A: no striking features
a: Renounce Religion, Fiery Armour, Foxfire Swarm, Rising Flame


You were on level 2 of the Dungeon.
You worshipped Ignis.
Ignis was greatly pleased with you.
You visited 1 branch of the dungeon, and saw 2 of its levels.

You collected 29 gold pieces.

Inventory:

Hand Weapons
 a - a -1 falchion of flaming
 f - the +10 mace of Lucos (weapon) {speed, Will++}
   (You found it on level 2 of the Dungeon)

   Attacks with this weapon are significantly faster.
   Will:      It greatly increases your willpower.
 g - a +1 mace of draining
Missiles
 c - 7 stones (quivered)
Armour
 b - a +0 buckler
 e - a +2 scale mail (worn)
Magical Staves
 h - a staff of conjuration
Potions
 d - a potion of curing
 i - a potion of magic {unknown}


   Skills:
 + Level 3.5 Fighting
 + Level 3.3 Long Blades
 + Level 1.0 Spellcasting
 + Level 3.2 Fire Magic


You had 2 spell levels left.
You knew the following spells:

 Your Spells              Type           Power      Damage    Failure   Level
a - Scorch                Fire           18%        2d5       36%         2

Your spell library contained the following spells:

 Spells                   Type           Power      Damage    Failure   Level


Dungeon Overview and Level Annotations

Branches:
Dungeon (2/15)

Altars:
Wu Jian

Annotations:
D:2 Crazy Yiuf


Message History

The bush is lightly damaged.
Found a mace.
Found a runed translucent door.
Crazy Yiuf shouts!
A protective cloak of flame settles atop you.
You open the door. You hit Crazy Yiuf.
Crazy Yiuf is lightly wounded.
Crazy Yiuf hits you with a +3 quarterstaff of chaos!
You feel agile all of a sudden.
Crazy Yiuf is burned by your cloak of flames.
Crazy Yiuf is moderately wounded.
You barely miss Crazy Yiuf.
Crazy Yiuf is moderately wounded.
Crazy Yiuf hits you with a +3 quarterstaff of chaos!
You are confused.
Crazy Yiuf is burned by your cloak of flames.
Crazy Yiuf is moderately wounded.
You sock Crazy Yiuf!
Crazy Yiuf is severely wounded.
You hit Crazy Yiuf but do no damage.
Crazy Yiuf is severely wounded.
Crazy Yiuf barely misses you.
You bump into the rock wall.
Crazy Yiuf barely misses you.
You bump into the stone wall.
Crazy Yiuf sings, "Trees, trees, trees, circus!"
Crazy Yiuf barely misses you.
You bump into the rock wall.
Crazy Yiuf cries, "Powder foot senile!"
Crazy Yiuf hits you with a +3 quarterstaff of chaos.
* * * LOW HITPOINT WARNING * * *
You feel drained.
* * * LOW HITPOINT WARNING * * *
Crazy Yiuf is burned by your cloak of flames.
Crazy Yiuf is severely wounded.
You barely miss Crazy Yiuf.
Crazy Yiuf is severely wounded.
You feel less confused.
Crazy Yiuf flaps his cloak.
Crazy Yiuf hits you with a +3 quarterstaff of chaos!
You die...

##### #..)#
#...# ...
#g# ##@#
#.## ##.#
#.## ##.##
#.P.#
#...## ##
#))))# .
#))..####.#


You could see Crazy Yiuf.

Vanquished Creatures
  3 bats (D:1)
  5 endoplasms
  2 giant cockroaches (D:1)
  A goblin (D:1)
  A quokka (D:1)
  2 ball pythons (D:1)
  A frilled lizard (D:1)
  3 kobolds (D:1)
  4 rats
22 creatures vanquished.

Vanquished Creatures (others)
  4 fungi (D:2)
4 creatures vanquished.

Grand Total: 26 creatures vanquished

Notes
Turn   | Place    | Note
-------+----------+-------------------------------------------
     0 | D:1      | funkygono the Human Cinder Acolyte began the quest for the
                  | Orb.
     0 | D:1      | Reached XP level 1. HP: 18/18 MP: 2/2
   126 | D:1      | Reached XP level 2. HP: 19/24 MP: 3/3
   337 | D:1      | Reached XP level 3. HP: 28/29 MP: 4/4
   475 | D:1      | Found a faded altar of an unknown god.
   651 | D:1      | Learned a level 2 spell: Scorch
   722 | D:2      | Found an ornate altar of the Wu Jian Council.
   864 | D:2      | Identified the +10 mace of Lucos {speed, Will++}
   883 | D:2      | Found a runed translucent door.
   884 | D:2      | Noticed Crazy Yiuf
   895 | D:2      | HP: 1/27 [Crazy Yiuf (3)]
   896 | D:2      | Mangled by Crazy Yiuf

Illustrated notes

Levels and vault maps discovered:
D:1:      dpeg_arrival_central, layout_rooms,
          shapermc_ecumenical_altar_mp_vishouse
D:2:      layout_loops_corners, basic_altar, uniq_crazy_yiuf_cottage

Action                   || total
-------------------------++-------
Melee: Falchion          ||    26
       Mace              ||    13
Invok: Fiery Armour      ||     4
  Use: Scroll            ||     3
Armor: Robe              ||    15
Dodge: Dodged            ||    20

Table legend: (Time is in decaauts)
 A = Elapsed time spent in this place.
 B = Non-inter-level travel time spent in this place.
 C = Inter-level travel time spent in this place.
 D = Time resting spent in this place.
 E = Time spent auto-exploring this place.
 F = Levels seen in this place.
 G = Mean time per level.
                   A        B        C        D        E       F      G
               +--------+--------+--------+--------+--------+-----+--------+
         Total |    897 |    887 |     10 |      0 |    659 |   2 |  448.5 |
       Dungeon |    897 |    887 |     10 |      0 |    659 |   2 |  448.5 |
               +--------+--------+--------+--------+--------+-----+--------+

Top non-repeatable levels by time:
     D:1: 669 daAuts
     D:2: 228 daAuts
